 Dungeon Sprint DCSS version 0.20-a0-556-g892c87b (webtiles) character file.

2696 dvd the Severer (level 9, -12/97 HPs)
             Began as a Minotaur Berserker on Feb 4, 2017.
             Was a High Priest of Trog.
             Splashed by an oklob sapling's acid (14 damage)
             ... in the Dungeon (Sprint IV: "Fedhas' Mad Dash").
             The game lasted 00:06:18 (1998 turns).

dvd the Severer (Minotaur Berserker)                Turns: 1998, Time: 00:06:19

Health: -12/97     AC: -5    Str: 21    XL:     9   Next: 38%
Magic:  2/2        EV: 17    Int:  4    God:    Trog [*****.]
Gold:   183        SH:  0    Dex: 14    Spells: 8/8 levels left

rFire    . . .     SeeInvis .   a - +1 battleaxe (antimagic)
rCold    . . .     Gourm    .   b - +0 animal skin
rNeg     . . .     Faith    .   (shield currently unavailable)
rPois    .         Spirit   .   (helmet restricted)
rElec    .         Reflect  .   (no cloak)
rCorr    .         Harm     .   (no gloves)
MR       .....     NoTele   +   (no boots)
Stlth    ++........             k - amulet of invisibility {+Inv}
Regen    0.3/turn               (no ring)
                                (no ring)

@: exhausted, corroded, starving, slowed, very slow
A: retaliatory headbutt, horns 2
a: Berserk, Trog's Hand, Brothers in Arms, Burn Spellbooks, Renounce Religion,
Evoke Invisibility


You were in the Dungeon.
You worshipped Trog.
Trog was extremely pleased with you.
You were starving.

You visited 1 branch You collected 183 gold pieces.

Inventory:

Hand Weapons
 a - a +1 antimagic battleaxe (weapon)
 m - a +0 mace
 o - a +0 hand axe
Missiles
 j - 6 steel tomahawks (quivered)
Armour
 b - a +0 animal skin (worn)
Magical Staves
 p - an uncursed staff of summoning
Jewellery
 k - the amulet of invisibility (around neck) {+Inv}
   (You found it in the Dungeon)

   [amulet of nothing]

   It lets you turn invisible.
Scrolls
 c - a scroll of identify {unknown}
 i - a scroll of blinking
 n - a scroll of fog {unknown}
Potions
 d - a potion of curing
 e - a potion of heal wounds
 f - a potion of haste
 g - 2 potions of magic
 h - a potion of berserk rage
Comestibles
 l - a royal jelly


   Skills:
 + Level 15.3 Fighting
 + Level 16.1 Axes
 + Level 2.5 Throwing
 + Level 7.1 Armour
 + Level 8.2 Dodging
 + Level 3.4 Stealth


You had 8 spell levels left.
You didn't know any spells.

Dungeon Overview and Level Annotations

Branches:
Dungeon (1/1)

Altars:
Cheibriados
Dithmenos
Elyvilon
Gozag
Hepliaklqana
Kikubaaqudgha
Makhleb
Nemelex Xobeh
Okawaru
Qazlal
Ru
Sif Muna
Trog
Uskayaw
Vehumet
Xom
Yredelemnul
Zin
The Shining One
Beogh
Jiyva
Lugonu

Shops:
D *[?=

Annotations:
D exclusion: oklob sapling


Innate Abilities, Weirdness & Mutations

You reflexively headbutt those who attack you in melee.
You have a pair of horns on your head.


Message History

You slash the oklob plant!
You headbutt the oklob plant, but do no damage.
The oklob plant is almost destroyed.
You're too hungry.
You hit the oklob plant.
The oklob plant is almost destroyed.
You hit the oklob plant but do no damage.
You headbutt the oklob plant!
You destroy the oklob plant!
Trog accepts your kill.
Your Fighting skill increases to level 15!
Your Axes skill increases to level 16!
Your Dodging skill increases to level 8!
The oklob sapling spits acid at you. The splash of acid misses you.
The oklob sapling spits acid at you. The splash of acid hits you!
* * * LOW HITPOINT WARNING * * *
The acid corrodes you!
You are splashed with acid!
The acid burns!
You die...

#PP..†.....'.#...'.._._._._._
#PPPP#.....#.#...#..._._._._.
###############'##.._._._._._
#...♣........'...#.⌠._._._._.
#......♣.....#...############
#.....♣..♣..######
##'####'######P)+
#).#....'.......#
#..#.}###...@...# #######
#########


You could see an oklob sapling.

Vanquished Creatures
  2 oklob plants (D)
  3 burning bushes (D)
  A queen bee (D)
  3 wandering mushrooms (D)
  2 scorpions (D)
  4 killer bees (D)
  4 oklob saplings (D)
  A worker ant (D)
  2 spriggans (D)
  A river rat (D)
  A rat (D)
24 creatures vanquished.

Notes
Turn   | Place    | Note
-------+----------+-------------------------------------------
     0 | D        | dvd the Minotaur Berserker began the quest for the Orb.
     0 | D        | Reached XP level 1. HP: 19/19 MP: 0/0
    10 | D        | Reached skill level 4 in Axes
    10 | D        | Reached XP level 2. HP: 18/28 MP: 1/1
   142 | D        | Noticed an oklob sapling
   145 | D        | Killed an oklob sapling
   145 | D        | Reached ** piety under Trog
   145 | D        | Reached skill level 6 in Axes
   145 | D        | Reached XP level 3. HP: 37/37 MP: 2/2
   220 | D        | Noticed an oklob sapling
   225 | D        | Killed an oklob sapling
   225 | D        | Reached skill level 7 in Axes
   225 | D        | Reached XP level 4. HP: 43/47 MP: 3/3
   335 | D        | Found an opulent altar of Gozag.
   335 | D        | Found a hazy altar of Hepliaklqana.
   335 | D        | Found a burning altar of Makhleb.
   335 | D        | Found a roughly hewn altar of Beogh.
   335 | D        | Found a sparkling altar of Nemelex Xobeh.
   335 | D        | Found a snail-covered altar of Cheibriados.
   335 | D        | Found a sacrificial altar of Ru.
   335 | D        | Found a deep blue altar of Sif Muna.
   335 | D        | Found a shimmering altar of Xom.
   335 | D        | Found a basalt altar of Yredelemnul.
   336 | D        | Found a viscous altar of Jiyva.
   336 | D        | Found a bloodstained altar of Trog.
   337 | D        | Found an iron altar of Okawaru.
   337 | D        | Found a shadowy altar of Dithmenos.
   337 | D        | Found a glowing silver altar of Zin.
   338 | D        | Found an ancient bone altar of Kikubaaqudgha.
   338 | D        | Found a hide-covered altar of Uskayaw.
   339 | D        | Found a stormy altar of Qazlal.
   339 | D        | Found a glowing golden altar of the Shining One.
   339 | D        | Found a white marble altar of Elyvilon.
   340 | D        | Found a radiant altar of Vehumet.
   340 | D        | Found a corrupted altar of Lugonu.
   346 | D        | Reached skill level 8 in Axes
   524 | D        | Noticed a queen bee
   527 | D        | Reached *** piety under Trog
   527 | D        | Reached skill level 9 in Axes
   527 | D        | Reached XP level 5. HP: 57/57 MP: 4/4
   528 | D        | Reached skill level 10 in Fighting
   528 | D        | Reached skill level 10 in Axes
   529 | D        | Reached skill level 5 in Armour
   529 | D        | Reached skill level 1 in Stealth
   529 | D        | Reached XP level 6. HP: 45/67 MP: 5/5
   536 | D        | Killed a queen bee
   536 | D        | Reached **** piety under Trog
   536 | D        | Reached skill level 11 in Axes
   536 | D        | Reached skill level 5 in Dodging
   536 | D        | Reached XP level 7. HP: 27/74 MP: 6/6
   820 | D        | Noticed an oklob plant
   827 | D        | Killed an oklob plant
   827 | D        | Reached skill level 13 in Axes
   947 | D        | Noticed a burning bush
  1081 | D        | Killed a burning bush
  1081 | D        | Reached XP level 8. HP: 86/86 MP: 7/7
  1095 | D        | Noticed a burning bush
  1095 | D        | Noticed an oklob plant
  1171 | D        | Reached ***** piety under Trog
  1171 | D        | Reached skill level 14 in Axes
  1362 | D        | Found Darel's Antique Armour Shop.
  1362 | D        | Found Ydyph's Assorted Antiques.
  1371 | D        | Noticed a burning bush
  1371 | D        | Noticed a wandering mushroom
  1455 | D        | Noticed a wandering mushroom
  1460 | D        | Killed a wandering mushroom
  1460 | D        | Received a gift from Trog
  1460 | D        | Reached skill level 1 in Throwing
  1463 | D        | Killed a wandering mushroom
  1483 | D        | Killed a burning bush
  1483 | D        | Reached skill level 15 in Axes
  1655 | D        | Found Lixt's Jewellery Emporium.
  1655 | D        | Found Zaotuof's Magic Scroll Shoppe.
  1711 | D        | Noticed a wandering mushroom
  1985 | D        | Killed a burning bush
  1985 | D        | Reached XP level 9. HP: 96/96 MP: 2/8
  1989 | D        | Killed a wandering mushroom
  1998 | D        | Killed an oklob plant
  1998 | D        | Reached skill level 15 in Fighting
  1998 | D        | Reached skill level 16 in Axes
  1998 | D        | HP: 2/97 [oklob sapling/splash of acid (16)]
  1998 | D        | Splashed by an oklob sapling's acid

Vault maps used:
D:        dungeon_sprint_fedhas

Skill      XL: |  1  2  3  4  5  6  7  8  9 |
---------------+----------------------------+-----
Fighting       | 4 6 7 9 10 11 13 14 15 | 15.3
Axes           | 4 6 7 9 10 11 13 15 16 | 16.1
Armour         | 3 4 5 6 7 |  7.1
Dodging        | 3 4 5 6 7 8 |  8.2
Stealth        | 1 2 3 |  3.4
Throwing       | 2 |  2.5

Action                   |  1- 3 |  4- 6 |  7- 9 || total
-------------------------+-------+-------+-------++-------
Melee: Hand axe          |    11 |    12 |    45 ||    68
       Headbutt          |     2 |     4 |    24 ||    30
       Battleaxe         |       |       |    12 ||    12
Throw: Tomahawk          |       |       |     6 ||     6
Invok: Berserk           |     2 |     2 |     5 ||     9
  Eat: Chunk             |       |     1 |       ||     1
       Royal jelly       |       |       |     2 ||     2
       Bread ration      |       |       |     1 ||     1
Dodge: Dodged            |     4 |    10 |    12 ||    26
